 Dungeon Crawl Stone Soup version 0.26-a0-490-gf8362a0c98 (webtiles) character file.

Game seed: 6690544784991337609

102 ANON1729 the Sneak (level 4, 0/39 HPs)
             Began as a Palentonga Delver on Aug 4, 2020.
             Succumbed to a scorpion's poison
             ... on level 5 of the Dungeon.
             The game lasted 00:01:28 (788 turns).

ANON1729 the Sneak (Palentonga Delver)               Turns: 788, Time: 00:01:29

Health: 0/39       AC:  4    Str: 17    XL:     4   Next: 49%
Magic:  4/4        EV: 10    Int: 10    God:
Gold:   48         SH:  0    Dex: 11    Spells: 3/3 levels left

rFire    . . .     SeeInvis +   h - +0 short sword (venom)
rCold    . . .     Faith    .   (no shield)
rNeg     . . .     Spirit   .   b - +0 leather armour
rPois    .         Reflect  .   (no helmet)
rElec    .         Harm     .   (no cloak)
rCorr    .                      (no gloves)
MR       .....                  (boots restricted)
Stlth    ++........             (no amulet)
HPRegen  0.13/turn              (no ring)
MPRegen  0.09/turn              (no ring)

@: lethally poisoned (0 -> -5), hasted, very quick
A: large, rugged brown scales 3, see invisible, deformed body, roll, armoured
tail
a: Rolling Charge


You were on level 5 of the Dungeon.
You visited 1 branch of the dungeon, and saw 2 of its levels.

You collected 48 gold pieces.

Inventory:

Hand Weapons
 a - a +0 falchion
 h - a +0 short sword of venom (weapon)
Armour
 b - a +0 leather armour (worn)
Wands
 g - a wand of digging (3)
Scrolls
 c - a scroll of fog
 d - a scroll of magic mapping
 i - a scroll of teleportation {unknown}


   Skills:
 + Level 3.7 Fighting
 + Level 2.9 Long Blades
 + Level 2.3 Dodging
 + Level 3.8 Stealth


You had 3 spell levels left.
You didn't know any spells.
Your spell library was empty.

Dungeon Overview and Level Annotations

Branches:
Dungeon (6/15)
 Temple: D:4-7

Altars:


Innate Abilities, Weirdness & Mutations

You are completely covered in rugged brown scales. (AC +3, +7% HP)
You have supernaturally acute eyesight. (SInv)
Armour fits poorly on your strangely shaped body.
You can roll at foes to attack.
You have a long armoured tail.


Message History

The iguana bites you!
* * * LOW HITPOINT WARNING * * *
You hit the iguana but do no damage.
The iguana is poisoned.
You tail-slap the iguana.
The iguana is lightly wounded.
You feel sick.
The iguana bites you but does no damage.
You closely miss the iguana.
The iguana is lightly wounded.
You feel sick. The iguana bites you.
* * * LOW HITPOINT WARNING * * *
Okay, then.
As you read the scroll of fear, it crumbles to dust.
You assume a fearsome visage.
The iguana looks frightened!
You feel yourself speed up.
* * * LOW HITPOINT WARNING * * *
You feel sick. As you open the door, it creaks loudly!
A jackal zombie comes into view.
You die...

#...##.#......###..........#.....
#...##............##'#.....#...#.
#..........#########.#######.....
#..........# ##......(#+##..
#.........## #..............
#.........+ #.............>
#.........# ####............##
#.........# #.†.l...#.......#
###+#+#<.... #@###'#.#.#+#####
................# .
.............## ##
............... .Z.............
.....##+#+#..... ..... #......
..... #.......


You could see an iguana (fleeing, very poisoned) and a jackal zombie
(wandering).

Vanquished Creatures
  A scorpion (D:5)
  An iguana (D:5)
  A hound skeleton (D:5)
  An adder (D:5)
  2 orcs (D:5)
  A quokka (D:5)
7 creatures vanquished.

Notes
Turn   | Place    | Note
-------+----------+-------------------------------------------
     0 | D:5      | ANON1729 the Palentonga Delver began the quest for the Orb.
     0 | D:5      | Reached XP level 1. HP: 19/19 MP: 1/1
    10 | D:5      | Noticed an iguana
    19 | D:6      | Noticed a worker ant
    56 | D:5      | Reached XP level 2. HP: 7/25 MP: 2/2
   514 | D:5      | Reached XP level 3. HP: 9/31 MP: 3/3
   768 | D:5      | Noticed a scorpion
   781 | D:5      | Killed a scorpion
   781 | D:5      | Reached XP level 4. HP: 23/39 MP: 4/4
   784 | D:5      | HP: 1/39 [iguana (6)]
   788 | D:5      | Succumbed to a scorpion's poison

Illustrated notes

Levels and vault maps discovered:
D:5:      layout_basic
D:6:      layout_basic, serial_shops, kennysheep_mini, serial_rivers,
          chequers_serial_rivers_micro_d, chequers_serial_rivers_room_b,
          chequers_serial_rivers_marsh, chequers_serial_rivers_small_a

Skill      XL: |  1  2 |
---------------+-------+-----
Dodging        | 2 |  2.3
Fighting       | |  3.7
Long Blades    | |  2.9
Stealth        | |  3.8

Action                   |  1- 3 |  4- 6 || total
-------------------------+-------+-------++-------
Melee: Falchion          |    11 |       ||    11
       Short sword       |    20 |     3 ||    23
       Tailslap          |     3 |     1 ||     4
 Abil: Rolling Charge    |     2 |       ||     2
  Use: Scroll            |       |     1 ||     1
       Potion            |       |     1 ||     1
Armor: Leather armour    |    11 |     1 ||    12
Dodge: Dodged            |    14 |       ||    14
       Rpst.: Falchion   |     1 |       ||     1

Table legend: (Time is in decaauts)
 A = Elapsed time spent in this place.
 B = Non-inter-level travel time spent in this place.
 C = Inter-level travel time spent in this place.
 D = Time resting spent in this place.
 E = Time spent auto-exploring this place.
 F = Levels seen in this place.
 G = Mean time per level.
                   A        B        C        D        E       F      G
               +--------+--------+--------+--------+--------+-----+--------+
         Total |    790 |    790 |      0 |    596 |     80 |   2 |  395.0 |
       Dungeon |    790 |    790 |      0 |    596 |     80 |   2 |  395.0 |
               +--------+--------+--------+--------+--------+-----+--------+

Top non-repeatable levels by time:
     D:5: 773 daAuts
     D:6: 16 daAuts
